 Seeded DCSS version 0.30.1-6-gbe392663c4 (webtiles) character file.

Game seed: 15355723370913860151 (custom seed)

4612 Psyclone the Firebug (level 10, -5/68 HPs)
             Began as an Octopode Venom Mage on Sept 20, 2023.
             Was an Initiate of Gozag.
             Killed from afar by a manticore (15 damage)
             ... with a volley of spikes
             ... on level 8 of the Dungeon.
             The game lasted 00:40:20 (9891 turns).

Psyclone the Firebug (Octopode Venom Mage)          Turns: 9891, Time: 00:40:21

Health: -5/68      AC:  3    Str:  9    XL:     10   Next: 42%
Magic:  7/27       EV: 19    Int: 29    God:    Gozag
Gold:   53         SH:  5    Dex: 12    Spells: 6/20 levels left

rFire   . . .        b - staff of poison
rCold   . . .        (no shield)
rNeg    + + .        i - +2 hat
rPois   +            C - amulet of reflection
rElec   .            n - ring of positive energy
rCorr   .            v - ring of positive energy
SInv    +            y - +5 ring of evasion
Will    .....        N - ring of Xom's Bemusement {rPois Will- MP+9 Int+8 SInv}
Stlth   +++          (no ring)
HPRegen 0.31/turn    (no ring)
MPRegen 0.20/turn    (no ring)
                     (no ring)

%: reflection
@: radiating poison, spiked, gold aura
A: almost no armour, amphibious, 8 rings, camouflage 1, gelatinous body 1,
(nimble swimmer 1), tentacles
a: Renounce Religion, Potion Petition, Call Merchant, Bribe Branch


You were on level 8 of the Dungeon.
You worshipped Gozag.
Gozag was noncommittal.
You visited 2 branches of the dungeon, and saw 9 of its levels.
You also visited: Bailey.

You collected 1004 gold pieces.
You spent 865 gold pieces at shops.
You paid 86 gold pieces to Gozag.

Inventory:

Hand Weapons
 a - a +0 dagger of speed
 c - a +0 scimitar
 z - a +0 dagger of venom
 I - a +0 dagger of electrocution
Missiles
 k - 2 curare-tipped darts
 J - 8 throwing nets {!f}
Armour
 i - a +2 hat (worn)
 w - the +2 kite shield of Cowardice {Str+2 Int+4 Stlth-}
   (You found it on level 4 of the Dungeon)

   Str:       It affects your strength (+2).
   Int:       It affects your intelligence (+4).
   Stlth:     It makes you less stealthy.
Magical Staves
 b - a staff of poison (weapon)
Jewellery
 n - a ring of positive energy (left tentacle)
 v - a ring of positive energy (right tentacle)
 y - a +5 ring of evasion (on tentacle)
 C - an amulet of reflection (around mantle)
 N - the ring of Xom's Bemusement (on tentacle) {rPois Will- MP+9 Int+8 SInv}
   (You bought it in a shop on level 1 of the Dungeon)

   [ring of intelligence]

   Int:       It affects your intelligence (+8).
   rPois:     It protects you from poison.
   MP:        It affects your magic capacity (+9).
   SInv:      It lets you see invisible.
   Will:      It decreases your willpower.
Wands
 e - a wand of charming (10)
 o - a wand of flame (44)
 K - a wand of quicksilver (4)
Scrolls
 d - 5 scrolls of fog {unknown}
 g - 8 scrolls of identify {@r1}
 l - 3 scrolls of enchant armour {unknown}
 m - 4 scrolls of teleportation {unknown}
 t - a scroll of immolation {unknown}
 u - a scroll of enchant weapon
 x - 3 scrolls of magic mapping {unknown}
 E - a scroll of fear {unknown}
 F - 2 scrolls of noise {unknown}
 G - 2 scrolls of blinking
 O - a scroll of silence {unknown}
Potions
 f - 3 potions of mutation {unknown}
 h - 3 potions of attraction {unknown}
 j - a potion of resistance {unknown}
 p - 4 potions of heal wounds {unknown}
 q - 3 potions of might {unknown}
 r - a potion of cancellation {unknown}
 s - a potion of ambrosia {unknown}
 A - 4 potions of flight {unknown}
 B - 2 potions of curing
 D - a potion of magic
 H - a potion of invisibility {unknown}
Miscellaneous
 L - a lightning rod (4/4)
 M - a piece from Xom's chessboard (15/15)


   Skills:
 * Level 5.9 Fighting
 + Level 4.8 Dodging
 - Level 3.2 Stealth
 + Level 5.5 Spellcasting
 * Level 6.0 Conjurations
 + Level 5.9 Transmutations
 + Level 6.4 Fire Magic
 - Level 6.0 Poison Magic


You had 6 spell levels left.
You knew the following spells:

 Your Spells              Type           Power      Damage    Failure   Level
a - Poisonous Vapours     Pois/Air       76%        N/A       2%          2
b - Magic Dart            Conj           100%       1d8       1%          1
d - Mephitic Cloud        Conj/Pois/Air  46%        N/A       3%          3
s - Ignite Poison         Fire/Tmut/Pois 60%        N/A       1%          3
v - Sting                 Tmut/Pois      100%       1d8       1%          1
x - Olgreb's Toxic Radia  Pois           59%        N/A       4%          4

Your spell library contained the following spells:

 Spells                   Type           Power      Damage    Failure   Level
 Beastly Appendage        Tmut           84%        N/A       1%          1
 Scorch                   Fire           90%        2d9       1%          2
 Wereblood                Tmut           42%        N/A       1%          2
 Spider Form              Tmut/Pois      59%        N/A       1%          3
 Cigotuvi's Dreadful Rot  Necr/Pois/Air  58%        N/A       4%          2
 Flame Wave               Conj/Fire      44%        2d11      4%          4
 Call Imp                 Summ           16%        N/A       9%          2
 Ice Form                 Ice/Tmut       25%        N/A       17%         4
 Frozen Ramparts          Ice            16%        1d3       19%         3
 Ozocubu's Armour         Ice            8%         N/A       19%         3
 Summon Guardian Golem    Hex/Summ       8%         N/A       19%         3
 Summon Ice Beast         Ice/Summ       8%         N/A       52%         4
 Freezing Cloud           Conj/Ice/Air   9%         6-21      58%         5
 Summon Cactus Giant      Summ           4%         N/A       100%        6
 Orb of Destruction       Conj           21%        9d8       99%         7
 Ozocubu's Refrigeration  Ice            4%         4d8       100%        7
 Spellforged Servitor     Conj/Summ      12%        N/A       100%        7


Dungeon Overview and Level Annotations

Branches:
Dungeon (8/15) Zot: 26942  Temple (1/1) D:6 Zot: 5863  Bailey (visited)
   Lair: D:8-11

Altars:
Ashenzari
Cheibriados
Dithmenos
Fedhas
Gozag
Hepliaklqana
Kikubaaqudgha
Makhleb
Nemelex Xobeh
Okawaru
Qazlal
Ru
Sif Muna
Trog
Vehumet
Xom
Yredelemnul
Zin
The Shining One

Shops:
D:1 =   D:4 !   D:6 *

Annotations:
D:5 3 runed translucent doors, exclusion: player ghost, gay420's ghost, novice DECj


Innate Abilities, Weirdness & Mutations

You cannot wear most types of armour.
You are amphibious.
You can wear up to eight rings at the same time.
Your skin changes colour to match your surroundings (Stealth+).
Your rubbery body absorbs attacks. (AC +1, EV +1)
((You are camouflaged when in or above water. (Stealth+)))
You have tentacles for arms and can constrict up to eight enemies at once.


Message History

The vampire is engulfed in blazing flames.
You block the vampire's attack. The vampire bites you!
* * * LOW HITPOINT WARNING * * *
The vampire draws strength from your injuries!
You hear a zap.
You hear a grinding noise.
The orc priest casts a cantrip, but nothing happens.
You take 28 damage, and have 13/68 hp.
MASSIVE DAMAGE!!
You now have 13/27 mp.
Casting: Olgreb's Toxic Radiance (dangerous; 4% risk of failure)
Confirm with . or Enter, or press ? or * to list all spells.
You feel a surge of power!
You ignite the poison in your surroundings!
The orc seems to burn from within!
You kill the orc!
The manticore seems to burn from within!
The manticore is moderately wounded.
The bullfrog seems to burn from within!!
You kill the bullfrog!
The orc priest seems to burn from within!!
You kill the orc priest!
The manticore is poisoned.
The vampire is engulfed in blazing flames.
The vampire draws life force from you.
* * * LOW HITPOINT WARNING * * *
The vampire is healed by the life force!
You take 4 damage, and have 9/68 hp.
You now have 10/27 mp.
Casting: Ignite Poison (safe; 1% risk of failure)
Confirm with . or Enter, or press ? or * to list all spells.
You feel a surge of power!
You ignite the poison in your surroundings!
The manticore seems to burn from within!
The manticore is severely wounded.
The manticore is poisoned.
A kobold brigand comes into view.
It is wielding a +0 short sword and quivering curare-tipped darts.
The vampire is engulfed in blazing flames.
You destroy the vampire!
The manticore flicks its tail.
The volley of spikes hits you!
The barbed spikes become lodged in your body.
You die...
Your body crumbles into a pile of gold.

....# ..# #
#........
#.#$#...#..
.#$$#?#...
....#$..#
#☼$...K.. #○#H$.#
###§.#)# #..@..#
#.#........
####.#########
#..........#
#...######.#
#........#'##
#...........#
#...........#####
#.##........^...#


You could see a manticore (poisoned) and a kobold brigand.

Vanquished Creatures
  A hornet (D:7)
  Grinder (D:3)
  A vampire (D:8)
  A steam dragon (D:7)
  A water moccasin (D:6)
  Duvessa (D:4)
  A sky beast (D:6)
  2 orc warriors
  2 ice beasts
  7 wolves (Bailey)
  3 centaurs
  A phantom (D:5)
  4 bullfrogs
  10 gnoll sergeants
  A kobold brigand (D:8)
  2 scorpions (D:5)
  Dowan (D:4)
  4 howler monkeys
  A jelly (D:6)
  4 hounds
  3 orc priests
  6 gnoll boudas (Bailey)
  Jessica (D:3)
  Natasha (thrice) (D:4)
  7 orc wizards
  3 iguanas (D:4)
  Robin (D:3)
  32 gnolls
  7 adders
  3 shadow imps
  An ufetubus (D:5)
  A worm (D:2)
  4 dart slugs
  18 orcs
  12 ball pythons
  7 endoplasms
  3 giant cockroaches
  20 goblins
  10 hobgoblins
  7 jackals
  2 quokkas
  4 bats
  3 frilled lizards
  8 kobolds
  8 rats
223 creatures vanquished.

Notes
Turn   | Place    | Note
-------+----------+-------------------------------------------
     0 | D:1      | Psyclone the Octopode Venom Mage began the quest for the
                  | Orb.
     0 | D:1      | Reached XP level 1. HP: 11/11 MP: 3/3
    79 | D:2      | Reached XP level 2. HP: 17/17 MP: 5/5
   267 | D:2      | Reached XP level 3. HP: 21/21 MP: 6/6
   277 | D:2      | Learned a level 2 spell: Poisonous Vapours
   328 | D:2      | Identified 2 scrolls of acquirement
   328 | D:2      | Acquired a Trismegistus Codex
   330 | D:2      | Acquired a book of Minor Magic
   336 | D:2      | Learned a level 1 spell: Magic Dart
   763 | D:1      | Found Poafeakiy's One-of-a-Kind Rings.
  1078 | D:1      | Reached XP level 4. HP: 27/27 MP: 2/7
  1328 | D:1      | Learned a level 3 spell: Ignite Poison
  2116 | D:3      | Reached skill level 1 in Fire Magic
  2137 | D:3      | Reached XP level 5. HP: 5/31 MP: 2/8
  2426 | D:3      | Found a radiant altar of Vehumet.
  2527 | D:3      | Noticed Jessica
  2536 | D:3      | Killed Jessica
  2610 | D:3      | Noticed Robin
  2613 | D:3      | Killed Robin
  3077 | D:3      | Noticed Grinder
  3086 | D:3      | Killed Grinder
  3087 | D:3      | Reached skill level 5 in Poison Magic
  3087 | D:3      | Reached XP level 6. HP: 36/36 MP: 0/10
  3341 | D:3      | Found a sacrificial altar of Ru.
  3347 | D:3      | Learned a level 4 spell: Olgreb's Toxic Radiance
  3349 | D:3      | Found a hide-covered altar of Uskayaw.
  3349 | D:3      | Found a shimmering altar of Xom.
  3351 | D:3      | Found a hazy altar of Hepliaklqana.
  3351 | D:3      | Found a shimmering altar of Xom.
  3351 | D:3      | Found a shimmering blue altar of Sif Muna.
  3766 | D:4      | Noticed Natasha
  3769 | D:4      | Killed Natasha
  3849 | D:4      | Found a glowing silver altar of Zin.
  3877 | D:4      | Reached XP level 7. HP: 41/41 MP: 6/11
  3952 | D:4      | Identified the +2 kite shield of Cowardice {Str+2 Int+4
                  | Stlth-}
  4116 | D:4      | Noticed Duvessa
  4116 | D:4      | Noticed Dowan
  4120 | D:4      | Killed Dowan
  4120 | D:4      | Killed Duvessa
  4243 | D:4      | Noticed Natasha
  4245 | D:4      | Killed Natasha
  4314 | D:4      | Found a sacrificial altar of Ru.
  4483 | D:4      | Found Ymavih's Distillery.
  4506 | D:4      | Bought a potion of degeneration for 14 gold pieces
  4570 | D:4      | Noticed Natasha
  4573 | D:4      | Killed Natasha
  4846 | D:5      | Entered Level 5 of the Dungeon
  5119 | D:5      | Reached XP level 8. HP: 46/46 MP: 5/13
  5181 | D:5      | Learned a level 3 spell: Mephitic Cloud
  5246 | D:5      | Reached skill level 1 in Conjurations
  5461 | D:5      | Reached skill level 1 in Fighting
  5543 | D:5      | Identified the +2 quarterstaff of Conyfurch {freeze, Str+2}
  5551 | D:5      | Found a broken altar of Ashenzari.
  5594 | D:5      | Reached skill level 5 in Fire Magic
  5843 | D:5      | Found a runed translucent gate.
  5844 | D:5      | Found a runed translucent gate.
  5844 | D:5      | Found a runed translucent gate.
  5846 | D:5      | Noticed gay420's ghost (novice DECj)
  6832 | D:6      | Found an opulent altar of Gozag.
  6836 | D:6      | Found Gozag's Platinum Reserve.
  6840 | D:6      | Became a worshipper of Gozag Ym Sagoz the Greedy
  6960 | D:6      | Reached XP level 9. HP: 54/55 MP: 2/15
  7077 | D:6      | Found a staircase to the Ecumenical Temple.
  7086 | Temple   | Entered the Ecumenical Temple
  7733 | D:7      | Reached skill level 5 in Transmutations
  7746 | D:7      | Noticed a hornet
  7751 | D:7      | Killed a hornet
  8128 | D:7      | Found a flagged portal.
  8159 | Bailey   | Entered a bailey
  8213 | Bailey   | Reached skill level 5 in Spellcasting
  8401 | Bailey   | Reached skill level 5 in Conjurations
  8501 | Bailey   | Reached skill level 5 in Fighting
  8508 | Bailey   | Reached XP level 10. HP: 66/66 MP: 2/17
  9545 | D:1      | Bought the ring of Xom's Bemusement {rPois Will- MP+9 Int+8
                  | SInv} for 851 gold pieces
  9701 | D:7      | Found a burning altar of Makhleb.
  9701 | D:7      | Found a blossoming altar of Fedhas.
  9882 | D:8      | Noticed a manticore
  9891 | D:8      | Killed from afar by a manticore

Illustrated notes

Levels and vault maps discovered:
D:1:      psy_arrival_whirlpool, layout_basic, nicolae_shop_unique_rings,
          minmay_octomino_j4
D:2:      layout_basic, minmay_misc_feat_square, nrook_campfire,
          glass_columns_b, eino_curves_03, minmay_crystal_room,
          grunt_ministairs_5, st_stairs_10
D:3:      layout_basic, mainiacjoe_overflow_brackets, doesnt_xom_only_xom,
          uniq_robin, uniq_grinder, uniq_jessica
D:4:      layout_basic, old_standard_altar, zin_academy, serial_shops,
          nicolae_shop_tiny_statue_garden, minmay_surrounded, uniq_natasha,
          uniq_duvessa
D:5:      layout_gridville, nicolae_ashenzari_skybound,
          ebering_ghost_rock_garden, chequers_arboretum
D:6:      layout_loops_corners, nicolae_gozag_zags_fifth_avenue,
          lemuel_temple_firewalk_a, minmay_checkerbox
D:7:      layout_basic, mainiacjoe_overflow_divided_tiny, enter_bailey_7
D:8:      cheibrodos_fzero, layout_basic, elyvilon_altar_4, serial_park_tiny_2
Temple:   nicolae_temple_bog_church

Skill      XL: |  1  2  3  4  5  6  7  8  9 10 |
---------------+-------------------------------+-----
Stealth        | 3 |  3.2
Poison Magic   | 4 5 6 |  6.0
Transmutations | 2 3 4 5 |  5.9
Fire Magic     | 1 3 4 5 6 |  6.4
Spellcasting   | 3 4 5 |  5.5
Conjurations   | 3 5 6 |  6.0
Fighting       | 2 5 |  5.9
Dodging        | 3 4 |  4.8

Action                     |  1- 3 |  4- 6 |  7- 9 | 10-12 || total
---------------------------+-------+-------+-------+-------++-------
  Melee: Dagger            |    52 |     8 |       |       ||    60
         Tentacles         |    14 |     9 |    19 |     2 ||    44
         Constrict         |    16 |     9 |    13 |     2 ||    40
         Scimitar          |       |    32 |       |       ||    32
         Staff             |       |     5 |    57 |     3 ||    65
         Punch             |       |       |     3 |       ||     3
   Cast: Sting             |    11 |     4 |     2 |       ||    17
         Poisonous Vapours |    24 |    49 |    47 |    25 ||   145
         Magic Dart        |       |     5 |     7 |       ||    12
         Ignite Poison     |       |     5 |    30 |    18 ||    53
         Olgreb's Toxic Ra |       |       |    18 |     3 ||    21
         Mephitic Cloud    |       |       |     6 |     1 ||     7
  Evoke: Wand              |       |     4 |       |       ||     4
    Use: Scroll            |     2 |     1 |       |     1 ||     4
         Potion            |       |     2 |       |       ||     2
   Stab: Sleeping          |     3 |     4 |     2 |       ||     9
         Distracted        |       |       |     2 |       ||     2
 Armour: Skin              |     2 |     2 |     2 |     1 ||     7
  Dodge: Dodged            |    27 |    32 |    57 |    22 ||   138
  Block: Other             |       |       |    11 |     5 ||    16
         Reflection        |       |       |     2 |     1 ||     3
